 Dungeon Crawl Stone Soup version 0.29.1-15-g9cfb28693d (webtiles) character file.

Game seed: 4812541221116379302

3511 leafyfresh the Covert (level 10, -1/75 HPs)
             Began as an Octopode Delver on Mar 10, 2023.
             Was a Believer of Ashenzari.
             Slain by a troll (9 damage)
             ... on level 8 of the Dungeon.
             The game lasted 00:15:43 (13671 turns).

leafyfresh the Covert (Octopode Delver)            Turns: 13671, Time: 00:15:44

Health: -1/75      AC:  1    Str: 19    XL:     10   Next: 8%
Magic:  19/19      EV: 17    Int: 25    God:    Ashenzari [**....]
Gold:   637        SH:  5    Dex: 13    Spells: 6/9 levels left

rFire   + . .      SeeInvis +   J - +9 long sword of the Hills {vorpal, Will+ Int+5}
rCold   x . .      Faith    .   (no shield)
rNeg    + + .      Spirit   .   (helmet restricted)
rPois   +          Reflect  +   a - amulet of reflection
rElec   .          Harm     .   i - ring "Fallacy of Ashenzari" {Fly, Cun, Alch} (curse)
rCorr   .          Rampage  .   l - ring "Revealing Oblivion" {rF+, Alch, Elem} (curse)
Will    +....                   q - ring "Miammej" {rF- rN+ Str+6 Int+4}
Stlth   ++++++....              n - ring of the Bound Augur {Fire, Evo, Alch} (curse)
HPRegen 0.22/turn               y - ring of Desmomancy {rN+, Range, Self} (curse)
MPRegen 0.16/turn               H - ring of magical power
                                I - ring "Tethered Idealism" {rPois, Elem, Evo} (curse)
                                (no ring)

@: flying
A: almost no armour, amphibious, 8 rings, camouflage 1, gelatinous body 1,
(nimble swimmer 1), tentacles
a: Renounce Religion, Shatter the Chains


You were on level 8 of the Dungeon.
You worshipped Ashenzari.
Ashenzari was pleased with you.
You visited 2 branches of the dungeon, and saw 9 of its levels.
You also visited: Ossuary.

You collected 807 gold pieces.
You spent 170 gold pieces at shops.

Inventory:

Hand Weapons
 p - a +2 whip of holy wrath
 x - a +3 quarterstaff of chaos
 J - the +9 long sword of the Hills (weapon) {vorpal, Will+ Int+5}
   (You bought it in a shop on level 6 of the Dungeon)

   It inflicts extra damage upon your enemies.
   Int:       It affects your intelligence (+5).
   Will:      It increases your willpower.
Missiles
 r - 2 throwing nets (quivered)
Jewellery
 a - an amulet of reflection (around mantle)
 i - the cursed ring "Fallacy of Ashenzari" (left tentacle) {Fly, Cun, Alch}
   (You found it on level 5 of the Dungeon)

   [ring of flight]

   Fly:       It grants you flight.
   It has a curse which improves the following skills: Cunning: Dodging and
   Stealth.
   Alchemy:   Poison Magic and Transmutations.
 l - the cursed ring "Revealing Oblivion" (right tentacle) {rF+, Alch, Elem}
   (You found it on level 5 of the Dungeon)

   [ring of protection from fire]

   rF:        It protects you from fire.
   It has a curse which improves the following skills: Alchemy: Poison Magic and
   Transmutations.
   Elements:  Fire Magic, Ice Magic, Air Magic and Earth Magic.
 n - the cursed ring of the Bound Augur (on tentacle) {Fire, Evo, Alch}
   (You found it on level 3 of the Dungeon)

   [ring of fire]

   It enhances your fire magic.
   rF:        It protects you from fire.
   rC:        It makes you vulnerable to cold.
   It has a curse which improves the following skills: Evocations: Evocations.
   Alchemy:   Poison Magic and Transmutations.
 q - the ring "Miammej" (on tentacle) {rF- rN+ Str+6 Int+4}
   (You found it on level 3 of the Dungeon)

   [ring of positive energy]

   Str:       It affects your strength (+6).
   Int:       It affects your intelligence (+4).
   rF:        It makes you vulnerable to fire.
   rN:        It protects you from negative energy.
 y - the cursed ring of Desmomancy (on tentacle) {rN+, Range, Self}
   (You found it on level 2 of the Dungeon)

   [ring of positive energy]

   rN:        It protects you from negative energy.
   It has a curse which improves the following skills: Ranged Combat: Ranged
   Weapons and Throwing.
   Introspection: Fighting and Spellcasting.
 H - a ring of magical power (on tentacle)
 I - the cursed ring "Tethered Idealism" (on tentacle) {rPois, Elem, Evo}
   (You found it on level 6 of the Dungeon)

   [ring of poison resistance]

   rPois:     It protects you from poison.
   It has a curse which improves the following skills: Elements: Fire Magic, Ice
   Magic, Air Magic and Earth Magic.
   Evocations: Evocations.
Wands
 f - a wand of digging (3)
 h - a wand of flame (46)
 w - a wand of iceblast (11)
Scrolls
 b - a scroll of fog
 c - a scroll of magic mapping
 d - a scroll of fear
 g - a scroll of silence
 k - 3 scrolls of immolation
 m - 3 scrolls of amnesia
 o - 4 scrolls of enchant armour
 t - 7 scrolls of identify
 u - 4 scrolls of blinking
 B - 2 scrolls of teleportation
 C - 2 scrolls of butterflies
 D - 2 scrolls of poison
 L - 2 scrolls of summoning
 N - a scroll of enchant weapon
Potions
 e - 2 potions of might
 j - 2 potions of heal wounds
 s - 2 potions of resistance
 v - 4 potions of magic
 z - a potion of invisibility
 A - a potion of brilliance
 E - 2 potions of attraction
 F - 3 potions of cancellation
 G - 8 potions of curing
 K - 5 potions of mutation
 M - a potion of berserk rage
 O - 2 potions of lignification


   Skills:
 + Level 8.4(9.6) Fighting
 - Level 2.2(4.1) Short Blades
 + Level 5.4(5.6) Long Blades
 + Level 8.0(9.3) Dodging
 - Level 10.0(11.2) Stealth
 - Level 3.8(6.1) Transmutations


You had 6 spell levels left.
You knew the following spells:

 Your Spells              Type           Power      Damage    Failure   Level
a - Spider Form           Tmut/Pois      16%        N/A       11%         3

Your spell library contained the following spells:

 Spells                   Type           Power      Damage    Failure   Level
 Ensorcelled Hibernation  Hex/Ice        0%         N/A       21%         2
 Anguish                  Hex/Necr       0%         N/A       80%         4


Dungeon Overview and Level Annotations

Branches:
Dungeon (8/15)             Temple (1/1) D:5         Ossuary (visited)
   Lair: D:8-11

Altars:
Ashenzari
Cheibriados
Fedhas
Gozag
Hepliaklqana
Kikubaaqudgha
Nemelex Xobeh
Sif Muna
Trog

Shops:
D:5 !   D:6 (

Annotations:
D:4 3 runed translucent doors, Ape3scape's ghost, weakling BaFi


Innate Abilities, Weirdness & Mutations

You cannot wear most types of armour.
You are amphibious.
You can wear up to eight rings at the same time.
Your skin changes colour to match your surroundings (Stealth+).
Your rubbery body absorbs attacks. (AC +1, EV +1)
((You are camouflaged when in or above water. (Stealth+)))
You have tentacles for arms and can constrict up to eight enemies at once.


Message History

Your base Fighting skill increases to level 8!
You slash the deep elf pyromancer! You grab the deep elf pyromancer.
You squeeze the deep elf pyromancer!
The deep elf pyromancer is heavily wounded.
You constrict the deep elf pyromancer.
You hear a shout!
The deep elf pyromancer barely misses you.
A deep elf pyromancer is nearby!
You slash the deep elf pyromancer!
You kill the deep elf pyromancer!
You hear a shout!
Your Long Blades skill increases to level 5!
Your base Dodging skill increases to level 8!
You have reached level 10!
You feel stronger.
Okay, then.
An orc priest comes into view. It is wielding a +0 short sword.
You hit the orc priest. You grab the orc priest.
You squeeze the orc priest, but do no damage.
The orc priest is heavily wounded.
You constrict the orc priest.
The orc priest mumbles some strange prayers to Beogh against you.
You easily resist.
An orc priest is nearby!
You slash the orc priest!
You kill the orc priest!
A troll comes into view.
You barely miss the troll. You squeeze the troll!
The troll is moderately wounded.
The troll bites you! The troll claws you. The troll closely misses you.
You closely miss the troll.
The troll is moderately wounded.
The troll bites you. The troll claws you! x2
* * * LOW HITPOINT WARNING * * *
The troll bites you!
* * * LOW HITPOINT WARNING * * *
The troll claws you.
* * * LOW HITPOINT WARNING * * *
The troll claws you!
You die...

#...... #, **##......
######. * ........
#..... #....# #.....,
, *#.... ##..#.# ,
#.... #...#.#, ,
,*,#...# #...#T#,*{ ,
*,#...# #..#@# { *{
##.###
##.#############..##.
#...................
########.....##.....
#.....#......
###..........
#..........
###.#.......
#...###.#.##


You could see a troll.

Vanquished Creatures
  A deep elf pyromancer (D:8)
  A steam dragon (D:8)
  Duvessa (D:6)
  A water moccasin (D:5)
  3 black bears
  An orc warrior (D:7)
  2 sky beasts
  2 ogres
  4 ice beasts
  A centaur (D:7)
  A phantom (D:4)
  A kobold brigand (D:8)
  A bullfrog (D:8)
  A gnoll sergeant (D:7)
  A necrophage (D:6)
  5 wights (D:8)
  Dowan (D:6)
  2 howler monkeys (D:7)
  5 hounds
  2 jellies (D:7)
  2 orc priests
  Crazy Yiuf (D:3)
  An iguana (D:4)
  5 orc wizards
  8 mummies (Ossuary)
  Robin (D:3)
  8 gnolls
  11 adders
  A white imp (D:6)
  An ufetubus (D:5)
  A worm (D:4)
  4 dart slugs (D:1)
  23 orcs
  7 ball pythons
  8 bats
  9 endoplasms
  2 giant cockroaches
  A gnoll zombie (Ossuary)
  11 goblins
  8 hobgoblins
  5 jackals
  17 kobolds
  6 quokkas
  5 frilled lizards
  A goblin zombie (D:7)
  4 hobgoblin zombies (Ossuary)
  2 kobold zombies (Ossuary)
  An orc zombie (Ossuary)
  A quokka zombie (D:7)
  12 rats
204 creatures vanquished.

Vanquished Creatures (others)
  A hobgoblin zombie (D:2)
  10 fungi (D:7)
  51 plants
62 creatures vanquished.

Grand Total: 266 creatures vanquished

Notes
Turn   | Place    | Note
-------+----------+-------------------------------------------
     0 | D:5      | leafyfresh the Octopode Delver began the quest for the Orb.
     0 | D:5      | Reached XP level 1. HP: 16/16 MP: 1/1
    35 | D:5      | Reached XP level 2. HP: 19/21 MP: 2/2
   106 | D:5      | Found a staircase to the Ecumenical Temple.
   126 | D:5      | Noticed an ice beast
   164 | Temple   | Entered the Ecumenical Temple
   170 | Temple   | Became a worshipper of Ashenzari the Shackled
   213 | D:5      | Found Gycziobb's Distillery.
   283 | D:4      | Reached skill level 7 in Stealth
   283 | D:4      | Reached XP level 3. HP: 26/26 MP: 3/3
   286 | D:4      | Found a runed translucent gate.
   286 | D:4      | Found a runed translucent gate.
   286 | D:4      | Found a runed translucent gate.
   292 | D:4      | Noticed Ape3scape's ghost (weakling BaFi)
   513 | D:4      | Reached XP level 4. HP: 28/32 MP: 4/4
   620 | D:3      | Found a faded altar of an unknown god.
   729 | D:3      | Identified the ring "Miammej" {rF- rN+ Str+6 Int+4}
  1168 | D:4      | Noticed a phantom
  1174 | D:4      | Killed a phantom
  1175 | D:4      | Reached XP level 5. HP: 32/37 MP: 5/5
  1613 | D:4      | Reached * piety under Ashenzari
  1716 | D:4      | Reached skill level 8 in Stealth
  2371 | D:3      | Noticed Robin
  2374 | D:3      | Reached XP level 6. HP: 41/44 MP: 6/6
  2425 | D:3      | Killed Robin
  2639 | D:3      | Found a runed translucent door.
  2640 | D:3      | Noticed Crazy Yiuf
  2766 | D:3      | Killed Crazy Yiuf
  3384 | D:2      | Found a sparkling altar of Nemelex Xobeh.
  4070 | D:2      | Reached ** piety under Ashenzari
  5797 | D:5      | Noticed a water moccasin
  5797 | D:5      | Noticed a black bear
  5804 | D:5      | Reached skill level 5 in Fighting
  5804 | D:5      | Reached XP level 7. HP: 36/52 MP: 7/7
  6348 | D:5      | Reached skill level 9 in Stealth
  6935 | D:5      | Found a hazy altar of Hepliaklqana.
  6962 | D:5      | Reached skill level 5 in Dodging
  6965 | D:5      | Reached XP level 8. HP: 21/60 MP: 8/8
  7280 | D:5      | Reached skill level 10 in Stealth
  7600 | D:5      | Found an opulent altar of Gozag.
  7601 | D:5      | Found a sparkling altar of Nemelex Xobeh.
  7603 | D:5      | Found a snail-covered altar of Cheibriados.
  7959 | D:6      | Noticed Dowan
  7997 | D:6      | Reached skill level 1 in Transmutations
  8210 | D:6      | Learned a level 3 spell: Spider Form
  8210 | D:6      | Noticed Duvessa
  8262 | D:6      | Found Qyuhac's Antique Weapon Shop.
  8270 | D:6      | Bought an ancient long sword for 170 gold pieces
  8270 | D:6      | Identified the +9 long sword of the Hills {vorpal, Will+
                  | Int+5} (You bought it in a shop on level 6 of the Dungeon)
  8948 | D:6      | Identified the +8 dagger "Giesky" {antimagic, rN+ Int+7}
  9114 | D:6      | Killed Dowan
  9122 | D:6      | Killed Duvessa
  9123 | D:6      | Reached skill level 1 in Long Blades
  9657 | D:7      | Reached XP level 9. HP: 66/66 MP: 9/9
  9793 | D:7      | Found a blossoming altar of Fedhas.
  9840 | D:7      | Found a sand-covered staircase.
  9941 | Ossuary  | Entered an ossuary
 13661 | D:8      | Noticed a deep elf pyromancer
 13665 | D:8      | Killed a deep elf pyromancer
 13666 | D:8      | Reached skill level 5 in Long Blades
 13666 | D:8      | Reached XP level 10. HP: 68/74 MP: 10/10
 13671 | D:8      | Slain by a troll

Illustrated notes

Levels and vault maps discovered:
D:1:      shiori_arrival_whats_in_store_for_you, layout_loops_ring,
          minmay_rat_gold_closets
D:2:      wad_woods_stonehenge, layout_basic
D:3:      layout_loops_ring, dreamdust_ecumenical_altar_statues,
          uniq_crazy_yiuf_cottage, uniq_robin
D:4:      layout_basic, gammafunk_ghost_split
D:5:      layout_basic, minitemple, minmay_temple_entry_ruins, serial_shops,
          nicolae_shop_statue_plus
D:6:      layout_loops_corners, serial_shops, nicolae_shop_overgrown_old_shop,
          uniq_duvessa
D:7:      layout_rooms, fedhas_altar_3, enter_ossuary_4
D:8:      layout_cave_pools, minmay_manual_maat
Temple:   eino_wide_crystal_templ

Skill      XL: |  1  2  3  4  5  6  7  8  9 |
---------------+----------------------------+-----
Stealth        | 7 8 9 10 | 10.0
Dodging        | 3 4 5 6 8 |  8.0
Fighting       | 4 5 6 8 |  8.4
Transmutations | 3 |  3.8
Long Blades    | 2 5 |  5.4
Short Blades   | |  2.2

Action                   |  1- 3 |  4- 6 |  7- 9 | 10-12 || total
-------------------------+-------+-------+-------+-------++-------
Melee: Short sword       |    17 |    10 |       |       ||    27
       Tentacles         |     3 |    35 |    35 |     2 ||    75
       Constrict         |     3 |    36 |    38 |     1 ||    78
       Whip              |       |    83 |       |       ||    83
       Quarterstaff      |       |   106 |    53 |       ||   159
       Punch             |       |     1 |     2 |       ||     3
       Long sword        |       |       |   122 |     4 ||   126
       Unarmed           |       |       |    33 |       ||    33
 Cast: Spider Form       |       |       |     2 |       ||     2
Invok: Curse Item        |       |     4 |     1 |       ||     5
  Use: Scroll            |       |     1 |     2 |       ||     3
       Potion            |       |       |     5 |       ||     5
 Stab: Sleeping          |     2 |    40 |    12 |       ||    54
Armor: Skin              |       |     8 |     4 |       ||    12
Dodge: Dodged            |    12 |   100 |   192 |     1 ||   305
Block: Other             |       |       |     6 |       ||     6
       Reflection        |       |       |     1 |       ||     1
